 Dungeon Crawl Stone Soup version 0.27-a0-1308-gc08437e49b (webtiles) character file.

Game seed: 3363376798845842756

492 Snikeer the Grave Robber (level 7, -3/50 HPs)
             Began as a Gnoll Necromancer on June 18, 2021.
             Slain by a shadow imp (4 damage)
             ... summoned by Eustachio
             ... on level 5 of the Dungeon.
             The game lasted 00:11:03 (5738 turns).

Snikeer the Grave Robber (Gnoll Necromancer)        Turns: 5738, Time: 00:11:03

Health: -3/50      AC:  6    Str:  7    XL:     7   Next: 14%
Magic:  6/15       EV: 14    Int: 16    God:
Gold:   271        SH:  0    Dex: 13    Spells: 8/17 levels left

rFire    . . .     SeeInvis .   p - +0 short sword (elec)
rCold    . . .     Faith    .   (no shield)
rNeg     . . .     Spirit   .   a - +0 robe
rPois    .         Reflect  .   (no helmet)
rElec    .         Harm     .   m - +2 cloak
rCorr    .         Rampage  .   d - +0 pair of gloves
Will     .....                  (no boots)
Stlth    +++.......             (no amulet)
HPRegen  0.16/turn              Z - ring of wizardry {Wiz+, !d}
MPRegen  0.14/turn              (no ring)

@: no status effects
A: fangs 1, strong nose, distributed training
a: no special abilities


You were on level 5 of the Dungeon.
You visited 2 branches of the dungeon, and saw 6 of its levels.

You collected 271 gold pieces.

Inventory:

Hand Weapons
 i - a +1 mace of protection
   (You found it on level 2 of the Dungeon)
 p - a +0 short sword of electrocution (weapon)
   (You took it off a kobold on level 2 of the Dungeon)
Missiles
 g - 31 sling bullets
 k - 58 arrows
 o - a throwing net {!d}
 s - 129 stones (quivered)
Armour
 a - a +0 robe (worn)
 d - a +0 pair of gloves (worn)
   (You found it on level 1 of the Dungeon)
 m - a +2 cloak (worn)
   (You found it on level 2 of the Dungeon)
Jewellery
 Z - a ring of wizardry (left hand) {Wiz+, !d}
   (You found it on level 3 of the Dungeon)
Scrolls
 b - a scroll of fear {unknown}
 c - 3 scrolls of identify {unknown}
 f - 2 scrolls of fog {unknown}
 j - a scroll of immolation {unknown}
 l - 2 scrolls of noise {unknown}
 n - 2 scrolls of enchant weapon {unknown}
Potions
 e - 4 potions of curing {unknown}
 h - 2 potions of heal wounds {unknown}
 q - a potion of might {unknown}
 r - 2 potions of cancellation {unknown}
 t - a potion of degeneration {unknown}
 u - a potion of brilliance {unknown}
 v - a potion of lignification {unknown}
 w - a potion of haste {unknown}


   Skills:
 + Level 2.3 Fighting
 + Level 2.3 Short Blades
 + Level 2.3 Long Blades
 + Level 2.3 Axes
 + Level 2.3 Maces & Flails
 + Level 2.3 Polearms
 + Level 2.3 Staves
 + Level 2.3 Slings
 + Level 2.3 Bows
 + Level 2.3 Crossbows
 + Level 2.3 Throwing
 + Level 2.3 Armour
 + Level 5.1 Dodging
 + Level 4.8 Stealth
 + Level 2.3 Shields
 + Level 2.3 Unarmed Combat
 + Level 5.5 Spellcasting
 + Level 1.8 Conjurations
 + Level 1.8 Hexes
 + Level 1.8 Summonings
 + Level 7.3 Necromancy
 + Level 1.8 Translocations
 + Level 1.8 Transmutations
 + Level 1.8 Fire Magic
 + Level 1.8 Ice Magic
 + Level 1.8 Air Magic
 + Level 1.8 Earth Magic
 + Level 1.8 Poison Magic
 + Level 2.5 Invocations
 + Level 2.3 Evocations


You had 8 spell levels left.
You knew the following spells:

 Your Spells              Type           Power      Damage    Failure   Level
a - Pain                  Necr           100%       1d9       1%          1
b - Animate Dead          Necr           14%        N/A       2%          4
x - Vampiric Draining     Necr           14%        2d8       1%          3
A - Animate Skeleton      Necr           56%        N/A       1%          1

Your spell library contained the following spells:

 Spells                   Type           Power      Damage    Failure   Level
 Agony                    Necr           28%        N/A       8%          5


Dungeon Overview and Level Annotations

Branches:
Dungeon (5/15)             Temple (1/1) D:4

Altars:
Cheibriados
Dithmenos
Gozag
Makhleb
Okawaru
Qazlal
Ru
Sif Muna
Trog
Wu Jian
Xom
Zin
The Shining One

Annotations:
D:5 exclusion: jelly, Eustachio


Innate Abilities, Weirdness & Mutations

You have very sharp teeth.
Your uncanny sense of smell can sniff out nearby items.
Your experience applies equally to all skills.


Message History

Casting: Pain (safe; 1% risk of failure)
Confirm with . or Enter, or press ? or * to list all spells.
Aiming: Pain (safe; 1% risk of failure)
Press: ? - help, Shift-Dir - straight line, f/p - gnoll sergeant
Aim: a gnoll sergeant, wielding a +0 trident and wearing a +0 scale mail (almost dead, chance to affect: 84%)
The gnoll sergeant writhes in agony!
You have reached level 7!
You regained 2 hp, and now have 23/50 hp.
You now have 7/15 mp.
Casting: Pain (safe; 1% risk of failure)
Confirm with . or Enter, or press ? or * to list all spells.
You call on the dead to rise...
The dead are walking!
The orc priest hits your orc zombie with a +0 hand axe!
The orc hits your orc zombie with a +0 whip.
You now have 3/15 mp.
You swap places.
The orc priest hits your orc zombie with a +0 hand axe!
The orc hits your orc zombie with a +0 whip!
The orc hits your orc zombie with a +0 whip.
Your orc zombie hits the orc with a +0 flail.
The orc hits your orc zombie with a +0 whip.
Your orc zombie hits the orc with a +0 flail.
The orc priest mumbles some strange prayers to Beogh against you.
Beogh smites you!
You take 6 damage, and have 17/50 hp.
What are your orders? t - Bark!
Orders for allies: a - Attack new target. r - Retreat! s - Stop attacking. g - Guard the area. f - Follow me.
Anything else - Cancel.
Gang up on whom?
Press: ? - help, Dir - move target, f - orc priest
Aim: an orc priest, wielding a +0 hand axe Attack!
Your orc zombie completely misses the orc priest.
The orc priest hits your orc zombie but does no damage.
An orc comes into view. It is wielding a +0 morningstar.
Your orc zombie barely misses the orc priest.
The orc priest hits your orc zombie with a +0 hand axe.
Casting: Animate Dead (dangerous; 2% risk of failure)
Confirm with . or Enter, or press ? or * to list all spells.
You can't see any susceptible monsters within range! (Use Z to cast anyway.)
The orc priest hits you with a +0 hand axe.
An ogre comes into view. It is wielding a +0 giant club.
You hit the orc priest.
Lightning courses through the orc priest!
The orc priest hits you with a +0 hand axe.
* * * LOW HITPOINT WARNING * * *
You take 5 damage, and have 12/50 hp.
You hit the orc priest.
The orc priest hits you with a +0 hand axe.
* * * LOW HITPOINT WARNING * * *
You take 1 damage, and have 11/50 hp.
You hit the orc priest but do no damage.
Lightning courses through the orc priest!
Casting: Animate Dead (dangerous; 2% risk of failure)
Confirm with . or Enter, or press ? or * to list all spells.
You call on the dead to rise...
The dead are walking!
A hound zombie comes into view.
You now have 1/15 mp.
The ogre closely misses you.
The ogre hits your orc priest zombie with a +0 giant club!
An orc comes into view. It is wielding a +0 dagger.
An orc comes into view. It is wielding a +0 flail.
Things that are here:
a +0 flail; a +0 leather armour You hear the slow rusting of a distant drain.
You see here a +0 club.
Things that are here:
a +0 whip; a +0 trident; a +0 scale mail The orc shouts! x2; You hear a shout!
You see here a +0 club.
An orc comes into view. It is wielding a +0 club.
The orc closely misses you. The orc closely misses you. The orc misses you.
The orc barely misses you.
A dart slug comes into view.
You travel at normal speed.
The ogre closely misses you.
You see here 7 gold pieces.
The ogre barely misses you.
A jelly comes into view.
Marking area around a jelly as unsafe for travelling.
Eustachio the Magnificent comes into view.
He is wielding a +0 falchion.
Marking area around Eustachio as unsafe for travelling.
Eustachio shouts!
Eustachio casts a spell.
Eustachio barely misses you.
Eustachio mumbles some strange words.
Eustachio hits you with a +0 falchion.
* * * LOW HITPOINT WARNING * * *
The ogre hits you with a +0 giant club!
* * * LOW HITPOINT WARNING * * *
You take 16 damage, and have 1/50 hp.
MASSIVE DAMAGE!!
The shadow imp misses you. Eustachio hits you but does no damage.
The ogre barely misses you. The shadow imp misses you.
Eustachio barely misses you. The shadow imp hits you.
You die...

∆
#######################
#...........oooO@@r...#
#..##...#....####5....#
#.# #...#....# ##...#
#.###.$##....# ..#
#......###..... ∆ .#
#...o.## #...#J. #
#...### #...#... #.####
##..# .. #....####


You could see Eustachio, an ogre, a shadow imp (summoned), 3 orcs and a rat
(summoned).

Vanquished Creatures
  A phantom (D:4)
  A gnoll sergeant (D:5)
  An orc priest (D:5)
  An iguana (D:4)
  A hound skeleton (D:4)
  A gnoll (D:1)
  2 adders
  4 worms
  2 dart slugs
  8 orcs
  10 endoplasms
  4 giant cockroaches
  4 goblins
  6 hobgoblins
  5 jackals (D:2)
  2 quokkas
  12 ball pythons
  9 bats
  A frilled lizard (D:1)
  8 kobolds
  6 rats
89 creatures vanquished.

Vanquished Creatures (collateral kills)
  Sigmund (D:4)
  An orc (D:5)
  A kobold (D:3)
3 creatures vanquished.

Grand Total: 92 creatures vanquished

Notes
Turn   | Place    | Note
-------+----------+-------------------------------------------
     0 | D:1      | Snikeer the Gnoll Necromancer began the quest for the Orb.
     0 | D:1      | Reached XP level 1. HP: 13/13 MP: 6/6
     6 | D:1      | Learned a level 1 spell: Animate Skeleton
   439 | D:1      | Reached XP level 2. HP: 9/19 MP: 0/7
   951 | D:1      | Reached XP level 3. HP: 21/25 MP: 3/9
  1049 | D:1      | Reached skill level 5 in Spellcasting
  1561 | D:2      | Found a faded altar of an unknown god.
  1586 | D:2      | Reached skill level 1 in Invocations
  1857 | D:2      | HP: 5/25 [frozen (5)]
  1861 | D:2      | Reached skill level 1 in Fighting
  1861 | D:2      | Reached skill level 1 in Short Blades
  1861 | D:2      | Reached skill level 1 in Long Blades
  1861 | D:2      | Reached skill level 1 in Axes
  1861 | D:2      | Reached skill level 1 in Maces & Flails
  1861 | D:2      | Reached skill level 1 in Polearms
  1861 | D:2      | Reached skill level 1 in Staves
  1861 | D:2      | Reached skill level 1 in Slings
  1861 | D:2      | Reached skill level 1 in Bows
  1861 | D:2      | Reached skill level 1 in Crossbows
  1861 | D:2      | Reached skill level 1 in Throwing
  1861 | D:2      | Reached skill level 1 in Armour
  1861 | D:2      | Reached skill level 1 in Shields
  1861 | D:2      | Reached skill level 1 in Unarmed Combat
  1861 | D:2      | Reached skill level 1 in Evocations
  2327 | D:2      | Reached XP level 4. HP: 32/32 MP: 11/11
  2331 | D:2      | Learned a level 3 spell: Vampiric Draining
  2336 | D:2      | Learned a level 4 spell: Animate Dead
  2853 | D:3      | Found a stormy altar of Qazlal.
  3112 | D:3      | Found an ornate altar of the Wu Jian Council.
  3120 | D:3      | Reached skill level 1 in Conjurations
  3120 | D:3      | Reached skill level 1 in Hexes
  3120 | D:3      | Reached skill level 1 in Summonings
  3120 | D:3      | Reached skill level 1 in Translocations
  3120 | D:3      | Reached skill level 1 in Transmutations
  3120 | D:3      | Reached skill level 1 in Fire Magic
  3120 | D:3      | Reached skill level 1 in Ice Magic
  3120 | D:3      | Reached skill level 1 in Air Magic
  3120 | D:3      | Reached skill level 1 in Earth Magic
  3120 | D:3      | Reached skill level 1 in Poison Magic
  3852 | D:3      | Found a sacrificial altar of Ru.
  4008 | D:4      | Reached XP level 5. HP: 18/37 MP: 12/12
  4404 | D:4      | Found a staircase to the Ecumenical Temple.
  4415 | Temple   | Entered the Ecumenical Temple
  4590 | D:4      | Found a snail-covered altar of Cheibriados.
  4718 | D:4      | Noticed Sigmund
  4824 | D:4      | Noticed a phantom
  4893 | D:4      | Killed Sigmund
  4894 | D:4      | Reached skill level 2 in Fighting
  4894 | D:4      | Reached skill level 2 in Short Blades
  4894 | D:4      | Reached skill level 2 in Long Blades
  4894 | D:4      | Reached skill level 2 in Axes
  4894 | D:4      | Reached skill level 2 in Maces & Flails
  4894 | D:4      | Reached skill level 2 in Polearms
  4894 | D:4      | Reached skill level 2 in Staves
  4894 | D:4      | Reached skill level 2 in Slings
  4894 | D:4      | Reached skill level 2 in Bows
  4894 | D:4      | Reached skill level 2 in Crossbows
  4894 | D:4      | Reached skill level 2 in Throwing
  4894 | D:4      | Reached skill level 2 in Armour
  4894 | D:4      | Reached skill level 5 in Dodging
  4894 | D:4      | Reached skill level 2 in Shields
  4894 | D:4      | Reached skill level 2 in Unarmed Combat
  4894 | D:4      | Reached skill level 2 in Invocations
  4894 | D:4      | Reached skill level 2 in Evocations
  4894 | D:4      | Reached XP level 6. HP: 31/44 MP: 4/14
  5659 | D:5      | Entered Level 5 of the Dungeon
  5686 | D:5      | Reached XP level 7. HP: 23/50 MP: 7/15
  5698 | D:5      | HP: 12/50 [orc priest (5)]
  5729 | D:5      | Noticed Eustachio
  5735 | D:5      | HP: 1/50 [ogre (12)]
  5738 | D:5      | Slain by a shadow imp

Illustrated notes

Levels and vault maps discovered:
D:1:      heliophobic_arrival_battle_scene, layout_basic
D:2:      minmay_diamond_boxcup, layout_basic,
          hellmonk_ecumenical_altar_arch_garden
D:3:      layout_loops_corners, lemuel_tele_altar, lemuel_round_altar,
          amcnicky_altar_gilded
D:4:      layout_basic, overflow_temple_1_default,
          minmay_temple_entry_glassed_door, uniq_sigmund
D:5:      minmay_recursive_quarters, layout_loops_corners, vehumet_statue,
          marbit_many_paths, gup_sewer_entry_pipe, uniq_duvessa, uniq_eustachio
Temple:   nicolae_temple_figure_zero

Skill      XL: |  1  2  3  4  5 |
---------------+----------------+-----
Spellcasting   | 5 |  5.5
Invocations    | 1 2 |  2.5
Fighting       | 1 2 |  2.3
Short Blades   | 1 2 |  2.3
Long Blades    | 1 2 |  2.3
Axes           | 1 2 |  2.3
Maces & Flails | 1 2 |  2.3
Polearms       | 1 2 |  2.3
Staves         | 1 2 |  2.3
Slings         | 1 2 |  2.3
Bows           | 1 2 |  2.3
Crossbows      | 1 2 |  2.3
Throwing       | 1 2 |  2.3
Armour         | 1 2 |  2.3
Shields        | 1 2 |  2.3
Unarmed Combat | 1 2 |  2.3
Evocations     | 1 2 |  2.3
Conjurations   | 1 |  1.8
Hexes          | 1 |  1.8
Summonings     | 1 |  1.8
Translocations | 1 |  1.8
Transmutations | 1 |  1.8
Fire Magic     | 1 |  1.8
Ice Magic      | 1 |  1.8
Air Magic      | 1 |  1.8
Earth Magic    | 1 |  1.8
Poison Magic   | 1 |  1.8
Dodging        | 5 |  5.1
Stealth        | |  4.8
Necromancy     | |  7.3

Action                   |  1- 3 |  4- 6 |  7- 9 || total
-------------------------+-------+-------+-------++-------
Melee: Unarmed           |    19 |       |       ||    19
       Mace              |    31 |     4 |       ||    35
       Flail             |    13 |       |       ||    13
       Short sword       |       |   126 |     3 ||   129
       Bite              |       |     5 |       ||     5
 Cast: Pain              |    59 |    23 |       ||    82
       Animate Skeleton  |    16 |     4 |       ||    20
       Animate Dead      |       |     2 |     2 ||     4
 Stab: Sleeping          |     3 |    12 |       ||    15
Armor: Robe              |    28 |    53 |     1 ||    82
Dodge: Dodged            |    89 |    82 |    12 ||   183

Table legend: (Time is in decaauts)
 A = Elapsed time spent in this place.
 B = Non-inter-level travel time spent in this place.
 C = Inter-level travel time spent in this place.
 D = Time resting spent in this place.
 E = Time spent auto-exploring this place.
 F = Levels seen in this place.
 G = Mean time per level.
                   A        B        C        D        E       F      G
               +--------+--------+--------+--------+--------+-----+--------+
         Total |   5767 |   5422 |    345 |    140 |   4392 |   6 |  961.2 |
       Dungeon |   5643 |   5307 |    336 |    140 |   4279 |   5 | 1128.6 |
        Temple |    123 |    114 |      9 |      0 |    113 |   1 |  123.0 |
               +--------+--------+--------+--------+--------+-----+--------+

Top non-repeatable levels by time:
     D:2: 1673 daAuts
     D:3: 1412 daAuts
     D:4: 1286 daAuts
     D:1: 1192 daAuts
  Temple: 123 daAuts
     D:5: 78 daAuts

Table legend:
 A = Kills in this place as a percentage of kills in entire the game.
 B = Kills by you in this place as a percentage of kills by you in the entire game.
 C = Kills by friends in this place as a percentage of kills by friends in the entire game.
 D = Other kills in this place as a percentage of other kills in the entire game.
 E = Experience gained in this place as a percentage of experience gained in the entire game.
 F = Experience gained in this place divided by the number of levels of this place that you have seen.
                   A       B       C       D       E      F
               +-------+-------+-------+-------+-------+----------------------
         Total | 100.0 | 100.0 | 100.0 |   N/A | 100.0 | 117.3
       Dungeon | 100.0 | 100.0 | 100.0 |   N/A | 100.0 | 140.8
               +-------+-------+-------+-------+-------+----------------------
